 Dungeon Crawl Stone Soup version 0.31-a0-986-g5e6e4ef867 (webtiles) character file.

Game seed: 16838523411189355445

71 croobank the Sneak (level 4, -4/28 HPs)
             Began as an Octopode Earth Elementalist on Nov 21, 2023.
             Was a Follower of Sif Muna.
             Slain by Sigmund
             ... wielding a +0 scythe
              (8 damage)
             ... on level 2 of the Dungeon.
             The game lasted 00:05:37 (1657 turns).

croobank the Sneak (Octopode Earth Elementalist)    Turns: 1657, Time: 00:05:37

Health: -4/28      AC:  1    Str:  7    XL:     4   Next: 24%
Magic:  5/7        EV: 13    Int: 17    God:    Sif Muna [*.....]
Gold:   46         SH:  0    Dex: 14    Spells: 4/7 levels left

rFire   . . .        c - +0 dagger
rCold   . . .        (no shield)
rNeg    . . .        (helmet restricted)
rPois   .            (no amulet)
rElec   .            (no ring)
rCorr   .            (no ring)
SInv    .            (no ring)
Will    .....        (no ring)
Stlth   +++          (no ring)
HPRegen 0.24/turn    (no ring)
MPRegen 0.10/turn    (no ring)
                     (no ring)

%: no passive effects
@: no status effects
A: almost no armour, amphibious, 8 rings, camouflage 1, gelatinous body 1,
(nimble swimmer 1), tentacles
a: Renounce Religion, Channel Magic


You were on level 2 of the Dungeon.
You worshipped Sif Muna.
Sif Muna was aware of your devotion.
You visited 1 branch of the dungeon, and saw 2 of its levels.

You collected 46 gold pieces.

Inventory:

Hand Weapons
 c - a +0 dagger (weapon)
 e - a +0 spear
Scrolls
 b - 7 scrolls of identify {unknown}
 f - a scroll of teleportation {unknown}
 g - 2 scrolls of revelation {unknown}
 i - a scroll of noise {unknown}
 k - a scroll of fear {unknown}
 m - a scroll of amnesia {unknown}
 p - a scroll of enchant armour {unknown}
Potions
 a - 2 potions of magic
 d - 2 potions of haste {unknown}
 h - a potion of enlightenment {unknown}
 j - a potion of brilliance {unknown}
 l - 2 potions of curing {unknown}
 n - a potion of might {unknown}
 o - a potion of ambrosia {unknown}
 q - a potion of heal wounds {unknown}


   Skills:
 + Level 1.1 Fighting
 + Level 2.6 Dodging
 + Level 3.5 Stealth
 + Level 2.4 Spellcasting
 + Level 1.6 Transmutations
 + Level 3.3 Earth Magic


You had 4 spell levels left.
You knew the following spells:

 Your Spells              Type           Power      Damage    Failure   Level
a - Sandblast             Erth           26%        2d8       4%          1
b - Passwall              Tmut/Erth      8%         N/A       10%         2

Your spell library contained the following spells:

 Spells                   Type           Power      Damage    Failure   Level
 Static Discharge         Conj/Air       4%         3-4/arc   28%         2
 Stone Arrow              Conj/Erth      14%        3d7       28%         3
 Petrify                  Tmut/Erth      10%        N/A       54%         4
 Brom's Barrelling Bould  Conj/Erth      7%         2d3       67%         4
 Airstrike                Air            1%         2d(1-17)  88%         4
 Summon Lightning Spire   Summ/Air       2%         N/A       88%         4


Dungeon Overview and Level Annotations

Branches:
Dungeon (2/15)

Altars:
Sif Muna

Annotations:
D:2 Robin, Sigmund


Innate Abilities, Weirdness & Mutations

You cannot wear most types of armour.
You are amphibious.
You can wear up to eight rings at the same time.
Your skin changes colour to match your surroundings (Stealth+).
Your rubbery body absorbs attacks. (AC +1, EV +1)
((You are camouflaged when in or above water. (Stealth+)))
You have tentacles for arms and can constrict up to eight enemies at once.


Message History

Sif Muna accepts your kill.
b - 7 scrolls labelled XIYFYKH ESUY (gained 1)
q - a clear potion You start resting.
Magic restored.
HP restored.
You see here a worm corpse.
You now have 46 gold pieces (gained 9).
Sigmund the Dreaded comes into view.
He is wielding a +0 scythe.
Sigmund shouts!
Sigmund hits you with a +0 scythe.
You hit Sigmund but do no damage. Your grab misses Sigmund.
Your squeeze misses Sigmund.
Sigmund points at you and mumbles some strange words.
The puff of flame hits you!
You hit Sigmund. You grab Sigmund. You squeeze Sigmund.
Sigmund is moderately wounded.
You constrict Sigmund, but do no damage.
Sigmund casts a spell.
Sigmund flickers and vanishes!
Deactivating autopickup; reactivate with Ctrl-A.
Casting: Sandblast (safe; 4% risk of failure)
Confirm with . or Enter, or press ? or * to list all spells.
You can't see any susceptible monsters within range! (Use Z to cast anyway.)
You constrict something.
You hear some strange, mumbled words.
A magic dart appears from out of thin air!
The magic dart hits you!
Casting: Sandblast (safe; 4% risk of failure)
Confirm with . or Enter, or press ? or * to list all spells.
Aiming: Sandblast (safe; 4% risk of failure)
Press: ? - help, Shift-Dir - straight line The blast of sand hits something.
You constrict something. Something hits you.
* * * LOW HITPOINT WARNING * * *
Casting: Sandblast (safe; 4% risk of failure)
Confirm with . or Enter, or press ? or * to list all spells.
Aiming: Sandblast (safe; 4% risk of failure)
Press: ? - help, Shift-Dir - straight line The blast of sand hits something!
You constrict something. Something hits you!
You die...

##########
#..@{....#
###.######...
#......#
#.#.##.#
#.#.##.#
#.#.##.#
#...##.#
#..###.#
#..###.#


There were no monsters in sight!

Vanquished Creatures
  Natasha (D:2)
  A worm (D:2)
  A dart slug (D:1)
  An endoplasm (D:1)
  4 giant cockroaches
  6 goblins
  4 hobgoblins
  3 jackals
  A quokka (D:1)
  3 ball pythons
  3 bats
  2 frilled lizards
  3 kobolds (D:1)
  4 rats
37 creatures vanquished.

Notes
Turn   | Place    | Note
-------+----------+-------------------------------------------
     0 | D:1      | croobank the Octopode Earth Elementalist began the quest
                  | for the Orb.
     0 | D:1      | Reached XP level 1. HP: 11/11 MP: 3/3
   222 | D:1      | Reached XP level 2. HP: 15/17 MP: 3/5
   230 | D:1      | Learned a level 2 spell: Passwall
   906 | D:2      | Noticed Robin
   925 | D:2      | Reached XP level 3. HP: 11/22 MP: 1/6
  1091 | D:2      | Noticed Natasha
  1097 | D:2      | Killed Natasha
  1098 | D:2      | Reached skill level 1 in Fighting
  1098 | D:2      | Reached XP level 4. HP: 15/28 MP: 4/7
  1261 | D:2      | Identified the +1 whip "Kugootei" {venom, rElec Str+3}
  1521 | D:2      | Found a faded altar of an unknown god.
  1527 | D:2      | Prayed at the altar of an unknown god.
  1527 | D:2      | Became a worshipper of Sif Muna the Loreminder
  1527 | D:2      | Reached * piety under Sif Muna
  1650 | D:2      | Noticed Sigmund
  1657 | D:2      | Slain by Sigmund

Illustrated notes

Levels and vault maps discovered:
D:1:      dpeg_arrival_tiny_b, layout_loops_ring, minmay_fountain_box,
          minmay_pentomino_v2
D:2:      layout_loops_corners, hellmonk_ecumenical_altar_run_dry, uniq_natasha,
          uniq_robin, uniq_sigmund

Skill      XL: |  1  2  3 |
---------------+----------+-----
Stealth        | 3 |  3.5
Fighting       | 1 |  1.1
Dodging        | |  2.6
Spellcasting   | |  2.4
Transmutations | |  1.6
Earth Magic    | |  3.3

Action                     |  1- 3 |  4- 6 || total
---------------------------+-------+-------++-------
  Melee: Dagger            |    34 |    16 ||    50
         Constrict         |    14 |     4 ||    18
         Tentacles         |     5 |     3 ||     8
         Unarmed           |     1 |       ||     1
   Cast: Sandblast         |    16 |     4 ||    20
         Passwall          |     4 |       ||     4
   Stab: Sleeping          |    10 |     5 ||    15
 Armour: Skin              |    21 |    13 ||    34
  Dodge: Dodged            |    17 |     6 ||    23

Table legend: (Time is in decaauts)
 A = Elapsed time spent in this place.
 B = Non-inter-level travel time spent in this place.
 C = Inter-level travel time spent in this place.
 D = Time resting spent in this place.
 E = Time spent auto-exploring this place.
 F = Levels seen in this place.
 G = Mean time per level.
                   A        B        C        D        E       F      G
               +--------+--------+--------+--------+--------+-----+--------+
         Total |   1665 |   1614 |     51 |    168 |   1076 |   2 |  832.5 |
       Dungeon |   1665 |   1614 |     51 |    168 |   1076 |   2 |  832.5 |
               +--------+--------+--------+--------+--------+-----+--------+

Top non-repeatable levels by time:
     D:1: 878 daAuts
     D:2: 787 daAuts
